 Dungeon Crawl Stone Soup version 0.24-a0-292-g5c6fb1c (webtiles) character file.

Game seed: 15715852347926729872

617902 xccam the Sharpshooter (level 27, -12/349 HPs)
             Began as a Gnoll Hunter on May 11, 2019.
             Was the Champion of Cheibriados.
             Mangled by an Orb Guardian (15 damage)
             ... while petrified
             ... on level 5 of the Realm of Zot.
             The game lasted 02:56:54 (63664 turns).

xccam the Sharpshooter (Gnoll Hunter)              Turns: 63664, Time: 02:56:55

Health: -12/349    AC: 48    Str: 45      XL:     27
Magic:  35/35      EV:  2    Int: 30      God:    Cheibriados [******]
Gold:   2485       SH:  0    Dex: 37 (40) Spells: 61/61 levels left

rFire    + + .     SeeInvis +   a - +18 lance "Wyrmbane" {slay drac, rPois rF+ rC+ AC+3}
rCold    + + +     Gourm    .   o - +2 shield "Qaiz" {-Cast +Blink rC++ rCorr}
rNeg     + + +     Faith    .   e - +12 plate armour of Xubloyvo {*Drain rElec rCorr}
rPois    ∞         Spirit   .   C - +3 crown of Dyrovepreva {rElec Int+2 SInv}
rElec    +         Reflect  .   Z - +2 cloak {+Inv}
rCorr    +         Harm     .   G - +2 pair of gloves {Dex+3}
MR       +++++     NoCast   +   I - +1 pair of boots {Stlth+}
Stlth    ..........             R - amulet of Vitality {Regen+ HP+15}
HPRegen  1.08/turn              J - ring "Uggoblep" {rC+ MR++ Str+3 Stlth+}
MPRegen  0.24/turn              y - ring "Toel" {rF+ rN+ Str+2}

@: berserking, petrified, studying Crossbows, very slow
A: distributed training, fangs 1, horns 1, thin metallic scales 1, dopey 1, low
mp 2, magic resistance 1, strong nose
}: 3/15 runes: serpentine, barnacled, silver
a: Bend Time, Temporal Distortion, Slouch, Step From Time, Renounce Religion,
Evoke Blink, Evoke Invisibility


You were on level 5 of the Realm of Zot.
You worshipped Cheibriados.
Cheibriados was exalted by your worship.
You were hungry.

You visited 11 branches of the dungeon, and saw 51 of its levels.
You visited 2 bazaars.
You also visited: Sewer and Wizlab.

You collected 6897 gold pieces.
You spent 4412 gold pieces at shops.

Inventory:

Hand Weapons
 a - the +18 lance "Wyrmbane" (weapon) {slay drac, rPois rF+ rC+ AC+3}
   (You found it on level 6 of the Lair of Beasts)

   It affects your AC (+3).
   It protects you from fire.
   It protects you from cold.
   It protects you from poison.
 b - a +2 hand crossbow of flaming
Missiles
 d - 1954 bolts
Armour
 c - the +4 helmet of the Gastropod {rPois MR+ Int+3}
   (You bought it in a shop on level 2 of the Snake Pit)

   It affects your intelligence (+3).
   It protects you from poison.
   It affects your resistance to hostile enchantments.
 e - the +12 plate armour of Xubloyvo (worn) {*Drain rElec rCorr}
   (You bought it in a shop in a bazaar)

   It insulates you from electricity.
   It provides partial protection from all sources of acid and corrosion.
   It causes draining when unequipped.
 o - the +2 shield "Qaiz" (worn) {-Cast +Blink rC++ rCorr}
   (You took it off Asterion on level 1 of the Snake Pit)

   It greatly protects you from cold.
   It lets you blink.
   It prevents spellcasting.
   It provides partial protection from all sources of acid and corrosion.
 v - a +0 cloak of magic resistance
 C - the +3 crown of Dyrovepreva (worn) {rElec Int+2 SInv}
   (You found it on level 5 of the Vaults)

   It affects your intelligence (+2).
   It insulates you from electricity.
   It lets you see invisible.
 G - a +2 pair of gloves of dexterity (worn)
 I - a +1 pair of boots of stealth (worn)
 Z - a +2 cloak of invisibility (worn)
Jewellery
 h - an uncursed ring of protection from fire
 k - the ring of Woym {rPois MR+ MP+9 Slay+2}
   (You found it on level 3 of the Depths)

   [ring of poison resistance]

   It affects your accuracy and damage with ranged weapons and melee attacks
   (+2).
   It protects you from poison.
   It affects your resistance to hostile enchantments.
   It affects your magic capacity (+9).
 m - an uncursed ring of positive energy
 y - the ring "Toel" (right hand) {rF+ rN+ Str+2}
   (You found it on level 2 of the Depths)

   [ring of positive energy]

   It affects your strength (+2).
   It protects you from fire.
   It protects you from negative energy.
 A - the ring of Pick {*Contam rElec rPois rC+ Str-4}
   (You found it on level 3 of the Depths)

   [ring of strength]

   It affects your strength (-4).
   It protects you from cold.
   It insulates you from electricity.
   It protects you from poison.
   It causes magical contamination when unequipped.
 J - the ring "Uggoblep" (left hand) {rC+ MR++ Str+3 Stlth+}
   (You found it on level 7 of the Dungeon)

   [ring of stealth]

   It affects your strength (+3).
   It protects you from cold.
   It affects your resistance to hostile enchantments.
   It makes you more stealthy.
 K - the ring of Jaap {+Inv rElec rC- rN++ Str+3}
   (You took it off a vault sentinel on level 5 of the Vaults)

   [ring of strength]

   It affects your strength (+3).
   It makes you vulnerable to cold.
   It insulates you from electricity.
   It greatly protects you from negative energy.
   It lets you turn invisible.
 R - the amulet of Vitality (around neck) {Regen+ HP+15}
   (You found it on level 4 of the Depths)

   [amulet of regeneration]

   It affects your health (+15).
   It increases your rate of regeneration.
 T - the amulet "Exkep" {Reflect Int+4 SH+4}
   (You took it off a vault guard on level 5 of the Vaults)

   [amulet of reflection]

   It shields you and reflects attacks.
   It affects your intelligence (+4).
   It affects your SH (+4).
Wands
 B - a wand of iceblast (48)
 Q - a wand of acid (18)
 U - a wand of digging (8)
 Y - a wand of scattershot (4)
Scrolls
 g - 2 scrolls of holy word
 j - 4 scrolls of acquirement
 p - 6 scrolls of blinking
 s - 17 scrolls of remove curse
 u - 15 scrolls of immolation
 z - 17 scrolls of teleportation
 F - 9 scrolls of fog
 H - 3 scrolls of enchant armour
 L - a scroll of summoning
 N - 6 scrolls of fear
 P - 2 scrolls of silence
 V - 8 scrolls of magic mapping
 W - 7 scrolls of identify
Potions
 i - 4 potions of ambrosia
 n - 2 potions of might
 r - 5 potions of heal wounds
 t - 21 potions of curing
 w - 7 potions of agility
 x - 11 potions of resistance
 M - a potion of brilliance
 O - 5 potions of cancellation
 S - 6 potions of flight
 X - a potion of invisibility
Books
 l - a manual of Crossbows
Comestibles
 f - 72 rations


   Skills:
 + Level 18.2 Fighting
 + Level 17.8 Short Blades
 + Level 17.8 Long Blades
 + Level 17.8 Axes
 + Level 17.8 Maces & Flails
 + Level 17.8 Polearms
 + Level 17.8 Staves
 + Level 17.8 Slings
 + Level 17.8 Bows
 + Level 19.9 Crossbows
 + Level 17.8 Throwing
 + Level 17.8 Armour
 + Level 18.2 Dodging
 + Level 17.9 Stealth
 + Level 17.8 Shields
 + Level 17.8 Unarmed Combat
 + Level 17.8 Spellcasting
 + Level 15.3 Conjurations
 + Level 15.3 Hexes
 + Level 15.3 Charms
 + Level 15.3 Summonings
 + Level 15.3 Necromancy
 + Level 15.3 Translocations
 + Level 15.3 Transmutations
 + Level 15.3 Fire Magic
 + Level 15.3 Ice Magic
 + Level 15.3 Air Magic
 + Level 15.3 Earth Magic
 + Level 15.3 Poison Magic
 + Level 19.1 Invocations
 + Level 17.8 Evocations


You had 61 spell levels left.
You didn't know any spells.
Your spell library contained the following spells:

 Spells                   Type           Power        Failure   Level  Hunger
 Animate Skeleton         Necr           N/A          0%          1    None
 Apportation              Tloc           ######       0%          1    None
 Beastly Appendage        Tmut           ######       0%          1    None
 Corona                   Hex            #######      0%          1    None
 Flame Tongue             Conj/Fire      #####        0%          1    None
 Magic Dart               Conj           ####         0%          1    None
 Pain                     Necr           ####         0%          1    None
 Shock                    Conj/Air       ####         0%          1    None
 Sting                    Conj/Pois      ####         0%          1    None
 Summon Butterflies       Summ           #######.     0%          1    None
 Summon Small Mammal      Summ           ####         0%          1    None
 Blink                    Tloc           N/A          0%          2    None
 Call Imp                 Summ           #######.     0%          2    None
 Ensorcelled Hibernation  Hex/Ice        ######       0%          2    None
 Passwall                 Tmut/Erth      #######.     0%          2    None
 Poisonous Vapours        Pois/Air       ######       0%          2    None
 Slow                     Hex            #######.     0%          2    None
 Sticks to Snakes         Tmut           #######.     0%          2    None
 Swiftness                Chrm/Air       #######.     0%          2    None
 Throw Flame              Conj/Fire      ######       0%          2    None
 Call Canine Familiar     Summ           #######.     1%          3    None
 Confuse                  Hex            #######.     1%          3    None
 Conjure Flame            Conj/Fire      #######.     1%          3    None
 Dazzling Spray           Conj/Hex       ######       1%          3    None
 Inner Flame              Hex/Fire       #######.     1%          3    None
 Lesser Beckoning         Tloc           #######...   1%          3    None
 Mephitic Cloud           Conj/Pois/Air  #######.     1%          3    None
 Ozocubu's Armour         Chrm/Ice       #######.     1%          3    None
 Portal Projectile        Hex/Tloc       ######       1%          3    None
 Recall                   Summ/Tloc      N/A          1%          3    None
 Regeneration             Chrm/Necr      #######...   1%          3    None
 Spectral Weapon          Hex/Chrm       #######.     1%          3    None
 Spider Form              Tmut/Pois      #######...   1%          3    None
 Summon Guardian Golem    Hex/Summ       #######.     1%          3    None
 Tukima's Dance           Hex            #######.     1%          3    None
 Vampiric Draining        Necr           #######...   1%          3    None
 Animate Dead             Necr           N/A          1%          4    None
 Cause Fear               Hex            #######...   1%          4    None
 Ice Form                 Ice/Tmut       #######.     1%          4    None
 Leda's Liquefaction      Hex/Erth       #######...   1%          4    None
 Olgreb's Toxic Radiance  Pois           #######.     1%          4    None
 Passage of Golubria      Tloc           N/A          1%          4    None
 Sticky Flame             Conj/Fire      #######.     1%          4    None
 Summon Ice Beast         Ice/Summ       #######.     1%          4    None
 Summon Lightning Spire   Summ/Air       #######.     1%          4    None
 Alistair's Intoxication  Tmut/Pois      #######.     1%          5    None
 Aura of Abjuration       Summ           #######...   1%          5    None
 Blade Hands              Tmut           #######...   1%          5    None
 Bolt of Draining         Conj/Necr      #######...   1%          5    None
 Bolt of Magma            Conj/Fire/Erth #######...   1%          5    None
 Excruciating Wounds      Chrm/Necr      #######...   1%          5    None
 Fireball                 Conj/Fire      #######...   1%          5    None
 Iskenderun's Battlesphe  Conj/Chrm      #######.     1%          5    None
 Lee's Rapid Deconstruct  Erth           #######...   1%          5    None
 Silence                  Hex/Air        #######...   1%          5    None
 Summon Demon             Summ           #######...   1%          5    None
 Summon Forest            Summ/Tloc      #######...   1%          5    None
 Summon Mana Viper        Hex/Summ       #######.     1%          5    None
 Venom Bolt               Conj/Pois      #######...   1%          5    None
 Yara's Violent Unravell  Hex/Tmut       #######...   1%          5    None
 Conjure Ball Lightning   Conj/Air       #######...   1%          6    #......
 Darkness                 Hex            #######...   1%          6    #......
 Deflect Missiles         Chrm/Air       #######...   1%          6    #......
 Freezing Cloud           Conj/Ice/Air   #######...   1%          6    #......
 Invisibility             Hex            #######.     1%          6    #......
 Iron Shot                Conj/Erth      #######...   1%          6    #......
 Shadow Creatures         Summ           N/A          1%          6    #......
 Simulacrum               Ice/Necr       #######...   1%          6    #......
 Statue Form              Tmut/Erth      #######..    1%          6    #......
 Haunt                    Necr/Summ      #######...   7%          7    ####...
 Malign Gateway           Summ/Tloc      #######...   7%          7    ####...
 Orb of Destruction       Conj           #######...   7%          7    ####...
 Ring of Flames           Chrm/Fire      #######...   7%          7    ####...
 Spellforged Servitor     Conj/Summ      #######...   7%          7    ####...
 Summon Hydra             Summ           #######...   7%          7    ####...
 Borgnjor's Revivificati  Necr           #######...   47%         8    ######.
 Death's Door             Chrm/Necr      #######...   47%         8    ######.
 Discord                  Hex            #######...   47%         8    ######.
 Infestation              Necr           #######...   47%         8    ######.
 Necromutation            Tmut/Necr      #######...   47%         8    ######.
 Shatter                  Erth           #######...   100%        9    #######


Dungeon Overview and Level Annotations

Branches:
Dungeon (15/15)            Temple (1/1) D:7            Lair (6/6) D:8
 Shoals (4/4) Lair:2        Snake (4/4) Lair:2        Slime (1/5) Lair:5
    Orc (2/2) D:9             Elf (3/3) Orc:2        Vaults (5/5) D:14
  Crypt (0/3) Vaults:3     Depths (5/5) D:15            Zot (5/5) Depths:5

Altars:
Ashenzari
Cheibriados
Dithmenos
Elyvilon
Fedhas
Gozag
Hepliaklqana
Kikubaaqudgha
Makhleb
Nemelex Xobeh
Okawaru
Qazlal
Ru
Sif Muna
Trog
Uskayaw
Vehumet
Wu Jian
Xom
Yredelemnul
Zin
The Shining One
Beogh

Shops:
Orc:2 *[*=(   Elf:2 !   Elf:3 ?**   Shoals:4 *%(   Snake:1 (   Snake:2 [}
Vaults:2 *   Vaults:4 (=

Portals:
Hell: Depths:1 Depths:2 Depths:3 Depths:4 Depths:5
Abyss: Depths:1 Depths:4 Depths:5
Pandemonium: Depths:1 Depths:3
Ziggurat: Depths:4
Trove: D:12 (give +6 fire dragon scales)

Annotations:
D:8 1 runed translucent door
D:10 2 transporters


Innate Abilities, Weirdness & Mutations

Your experience applies equally to all skills.
You have very sharp teeth.
Your uncanny sense of smell can sniff out nearby items.
You have a pair of small horns on your head.
You are partially covered in thin metallic scales. (AC +2)
You are dopey. (Int -2)
Your magical capacity is very low. (-20% MP)
You are resistant to hostile enchantments. (MR+)


Message History

The Orb Guardian hits you!!!
* * * LOW HITPOINT WARNING * * *
The Orb Guardian hits you!
* * * LOW HITPOINT WARNING * * *
The Orb Guardian hits you!
* * * LOW HITPOINT WARNING * * *
The moth of wrath bites you but does no damage.
The Orb Guardian hits you!
* * * LOW HITPOINT WARNING * * *
The Orb Guardian hits you!
* * * LOW HITPOINT WARNING * * *
The Orb Guardian hits you but does no damage.
The Orb Guardian hits you!!
* * * LOW HITPOINT WARNING * * *
The Orb Guardian hits you!!
* * * LOW HITPOINT WARNING * * *
The moth of wrath bites you!
* * * LOW HITPOINT WARNING * * *
The Orb Guardian hits you!!
You die...

...........^..##....##
..............))).###
.....##▓▓▓▓▓▓▓▓▓▓▓#
..............▓▓▓▓
.............^...▓##
...................##
..................^.#
........^........X..▓
................@XX.▓
................Xy..▓
..................../^..
...............▓...
..............▓ ^.
..............▓ .
.............▓
...^......▓▓


You could see 4 Orb Guardians and a moth of wrath.

Vanquished Creatures
  6 orbs of fire
  2 ancient liches
  Mara (Depths:2)
  3 juggernauts
  3 greater mummies (Depths:4)
  Bai Suzhen (Vaults:3)
  2 curse toes
  Saint Roka (Orc:1)
  3 Killer Klowns
  7 caustic shrikes
  5 golden dragons
  Nikola (Snake:2)
  3 electric golems
  9 Orb Guardians (Zot:5)
  3 liches
  Jorgrun (Snake:2)
  12 tentacled monstrosities
  A Hell Sentinel (Zot:5)
  4 titans
  3 deep elf blademasters
  2 deep elf master archers (Elf:3)
  Asterion (Snake:1)
  9 quicksilver dragons
  7 storm dragons
  8 sphinxes
  10 tengu reavers
  Agnes (Snake:2)
  5 draconian monks
  An ancient champion (WizLab)
  The ghost of Hylith the Earth Mage, a journeyman DDEE of Elyvilon (Shoals:1)
  3 shadow dragons
  Donald (Vaults:2)
  11 nagarajas
  14 vault wardens
  9 fire giants
  8 frost giants
  Aizul (Lair:2)
  2 ghost moths
  6 deep elf sorcerers
  4 draconian knights
  6 draconian shifters
  3 iron dragons
  2 orc warlords (Orc:2)
  3 war gargoyles (Vaults:5)
  2 draconian scorchers
  3 draconian stormcallers
  5 draconian annihilators
  35 very ugly things
  6 deep elf elementalists
  17 ironheart preservers
  2 entropy weavers
  20 stone giants
  8 green draconians
  2 vampire knights (Depths:3)
  10 red draconians
  15 deep elf annihilators
  12 deep elf demonologists
  7 black draconians
  4 white draconians
  3 spark wasps
  8 purple draconians
  11 yellow draconians
  12 ettins
  Snorg (Orc:1)
  The ghost of Fuix Ziu the Slicer, a journeyman DsMo of Nemelex Xobeh (Orc:1)
  5 deep elf death magi (Elf:3)
  3 merfolk javelineers
  2 mummy priests (Depths:4)
  6 great orbs of eyes
  2 jiangshi (Depths:5)
  3 rakshasas
  9 deep elf high priests
  5 merfolk impalers
  13 fire dragons
  Josephine (Orc:1)
  9 yaktaur captains
  5 hydras
  10 ice dragons
  19 naga warriors
  Harold (D:9)
  28 vault guards
  2 spriggan air magi
  4 merfolk avatars
  3 alligator snapping turtles
  2 merfolk aquamancers
  11 centaur warriors
  18 two-headed ogres
  2 catoblepae
  2 satyrs (Shoals:4)
  9 ogre magi
  27 dancing weapons
  12 anacondas
  9 death yaks
  3 tengu warriors
  11 deep troll shamans
  Urug (Orc:2)
  5 deep troll earth magi
  14 naga sharpshooters
  15 hell knights
  9 spriggan berserkers
  An orc high priest (Orc:2)
  3 vampire magi
  6 shock serpents
  Nergalle (D:10)
  16 deep elf knights
  Sonja (D:11)
  2 iron trolls (Depths:1)
  10 skeletal warriors
  A shadow wraith (Vaults:5)
  13 sea snakes
  3 salamander mystics
  A flayed ghost (Depths:3)
  3 unseen horrors
  32 deep trolls
  13 naga ritualists
  5 glowing orange brains
  A swamp dragon (shapeshifter) (Elf:1)
  18 deep elf archers
  An unseen horror (shapeshifter) (Vaults:3)
  8 wizards
  26 harpies
  A phantasmal warrior (Vaults:5)
  21 ironbrand convokers
  7 orc knights
  4 large abominations (Depths:1)
  3 necromancers
  63 deep elf magi
  12 mana vipers
  5 wolf spiders
  A cyclops (shapeshifter) (Depths:2)
  9 manticores
  53 ugly things
  An oklob plant (Lair:3)
  4 cyclopes
  7 orc sorcerers
  19 fauns
  11 salamanders
  3 elephants (Lair:6)
  12 vault sentinels
  9 merfolk sirens
  3 water nymphs
  4 guardian serpents
  A rust devil (Depths:1)
  A black mamba (shapeshifter) (Depths:4)
  40 black mambas
  12 moths of wrath
  24 naga magi
  7 spiny frogs
  2 gargoyles
  An orange demon (Depths:1)
  A rime drake (shapeshifter) (Vaults:1)
  39 yaktaurs
  A komodo dragon (shapeshifter) (Vaults:4)
  12 komodo dragons
  8 kobold demonologists
  A tormentor (Depths:1)
  4 freezing wraiths
  5 guardian mummies (Depths:4)
  3 tengu conjurers
  2 red devils
  A spriggan skeleton (Depths:1)
  2 jumping spiders (shapeshifter)
  24 merfolk
  2 polar bears (Lair:6)
  7 hornets
  6 trolls
  A wind drake (shapeshifter) (Vaults:2)
  5 wind drakes
  21 slime creatures
  9 snapping turtles
  2 sphinx simulacra
  7 blink frogs
  13 hippogriffs
  A meliai zombie (D:10)
  2 blink frogs (shapeshifter)
  4 vampires (WizLab)
  6 air elementals
  11 water elementals
  A shadow (D:11)
  Eustachio (D:5)
  5 wraiths
  A ynoxinul (Depths:1)
  A redback (Vaults:3)
  A spriggan (shapeshifter) (Vaults:3)
  3 spriggans
  A tarantella (shapeshifter) (Elf:1)
  An elf zombie (Depths:1)
  33 yaks
  A wyvern (Lair:4)
  8 small abominations (Depths:1)
  A steam dragon (D:10)
  Grum (D:8)
  The ghost of Hylith the Chopper, an amateur FoAK of Lugonu (D:4)
  6 fire elementals
  3 hungry ghosts
  7 vampire mosquitoes
  3 basilisks
  2 chaos spawn (Depths:1)
  6 wargs
  Edmund (D:4)
  51 nagas
  A warg (shapeshifter) (Vaults:1)
  An acid dragon (shapeshifter) (Elf:2)
  3 acid dragons
  2 soldier ants (shapeshifter)
  5 two-headed ogre zombies (WizLab)
  12 water moccasins
  14 porcupines
  A swamp drake (shapeshifter) (Vaults:4)
  2 floating eyes (Depths:3)
  A hornet zombie (D:12)
  5 ice beasts
  2 black bears
  3 sky beasts
  A sky beast (shapeshifter) (Vaults:2)
  40 orc warriors
  An eye of draining (shapeshifter) (Depths:4)
  4 phantoms
  A black bear (shapeshifter) (Elf:3)
  22 ogres
  An eye of draining (D:7)
  A deep troll simulacrum (Depths:1)
  A necrophage (D:11)
  14 wolves
  14 centaurs
  17 boggarts
  12 crocodiles
  7 big kobolds
  19 bullfrogs
  A gnoll sergeant (D:10)
  A wyvern zombie (D:9)
  8 earth elementals
  A scorpion (shapeshifter) (Depths:3)
  5 scorpions
  3 wyvern skeletons
  6 troll zombies (WizLab)
  A killer bee (D:12)
  27 wights
  8 howler monkeys
  8 electric eels
  7 crimson imps
  2 centaur zombies
  A bullfrog zombie (D:12)
  2 quasits
  A gnoll shaman (D:5)
  8 bullfrog skeletons
  14 hounds
  2 human simulacra
  25 orc priests
  6 jellies
  8 centaur skeletons
  5 iguanas
  31 orc wizards
  3 yak simulacra (Lair:6)
  13 worker ants
  5 polar bear simulacra (Lair:6)
  2 wolf simulacra (Lair:6)
  7 ogre zombies (WizLab)
  2 hound zombies
  A mummy (Depths:4)
  A worker ant zombie (D:8)
  12 gnolls
  A howler monkey skeleton (D:10)
  2 howler monkey zombies
  20 adders
  2 shadow imps
  2 oozes
  An adder zombie (D:7)
  An adder skeleton (D:7)
  4 worms
  2 dart slugs
  8 leopard geckos
  112 orcs
  5 ball pythons
  9 giant cockroaches
  6 goblins
  9 hobgoblins
  9 jackals
  30 kobolds
  12 quokkas
  9 bats
  4 frilled lizards
  2 quokka skeletons
  2 rats (D:2)
  A river rat simulacrum (Lair:6)
  4 plants
2188 creatures vanquished.

Vanquished Creatures (others)
  A tengu reaver (Depths:3)
  A draconian knight (Zot:5)
  A vault warden (Vaults:4)
  2 stone giants
  An ice dragon (Depths:2)
  3 yaktaur captains
  A centaur warrior (Vaults:4)
  3 satyrs
  A deep troll earth mage (Depths:1)
  4 naga sharpshooters
  3 deep elf knights
  A deep troll (Depths:1)
  A naga ritualist (Snake:4)
  5 deep elf archers
  A wizard (Vaults:1)
  6 fauns
  A black mamba (Snake:4)
  19 yaktaurs
  2 nagas (Snake:4)
  An orc wizard (D:6)
  An orc (Vaults:2)
  A bush (Lair:6)
  8 fungi
  43 plants
111 creatures vanquished.

Grand Total: 2299 creatures vanquished

Notes
Turn   | Place    | Note
-------+----------+-------------------------------------------
     0 | D:1      | xccam the Gnoll Hunter began the quest for the Orb.
     0 | D:1      | Reached XP level 1. HP: 20/20 MP: 1/1
    55 | D:1      | Reached XP level 2. HP: 26/26 MP: 2/2
   391 | D:1      | Reached XP level 3. HP: 31/31 MP: 3/3
   637 | D:2      | Reached skill level 1 in Invocations
   729 | D:2      | Found a hide-covered altar of Uskayaw.
  1005 | D:3      | Reached skill level 1 in Short Blades
  1005 | D:3      | Reached skill level 1 in Long Blades
  1005 | D:3      | Reached skill level 1 in Axes
  1005 | D:3      | Reached skill level 1 in Maces & Flails
  1005 | D:3      | Reached skill level 1 in Polearms
  1005 | D:3      | Reached skill level 1 in Staves
  1005 | D:3      | Reached skill level 1 in Slings
  1005 | D:3      | Reached skill level 1 in Bows
  1005 | D:3      | Reached skill level 1 in Throwing
  1005 | D:3      | Reached skill level 1 in Armour
  1005 | D:3      | Reached skill level 1 in Shields
  1005 | D:3      | Reached skill level 1 in Unarmed Combat
  1005 | D:3      | Reached skill level 1 in Spellcasting
  1005 | D:3      | Reached skill level 1 in Evocations
  1050 | D:3      | Reached XP level 4. HP: 38/38 MP: 5/5
  1086 | D:3      | Reached skill level 1 in Conjurations
  1086 | D:3      | Reached skill level 1 in Hexes
  1086 | D:3      | Reached skill level 1 in Charms
  1086 | D:3      | Reached skill level 1 in Summonings
  1086 | D:3      | Reached skill level 1 in Necromancy
  1086 | D:3      | Reached skill level 1 in Translocations
  1086 | D:3      | Reached skill level 1 in Transmutations
  1086 | D:3      | Reached skill level 1 in Fire Magic
  1086 | D:3      | Reached skill level 1 in Ice Magic
  1086 | D:3      | Reached skill level 1 in Air Magic
  1086 | D:3      | Reached skill level 1 in Earth Magic
  1086 | D:3      | Reached skill level 1 in Poison Magic
  1136 | D:3      | Reached XP level 5. HP: 36/43 MP: 6/6
  1153 | D:3      | Found a bloodstained altar of Trog.
  1285 | D:3      | You fall through a shaft for 2 floors!
  1285 | D:5      | Entered Level 5 of the Dungeon
  1320 | D:5      | Reached XP level 6. HP: 45/50 MP: 8/8
  1431 | D:5      | Reached skill level 5 in Fighting
  1431 | D:5      | Reached skill level 5 in Dodging
  1578 | D:5      | Noticed a phantom
  1579 | D:5      | Noticed Eustachio
  1608 | D:5      | Killed a phantom
  1608 | D:5      | Reached XP level 7. HP: 51/56 MP: 8/10
  1626 | D:5      | Killed Eustachio
  2144 | D:5      | Reached XP level 8. HP: 56/63 MP: 10/12
  2467 | D:4      | Found a glowing drain.
  2508 | Sewer    | Entered a sewer
  2700 | D:4      | Found a runed translucent gate.
  2700 | D:4      | Found a runed translucent gate.
  2700 | D:4      | Found a runed translucent gate.
  2701 | D:4      | Identified the cursed +0 dagger "Enwexa" {drain, rC+ rN+}
  2701 | D:4      | Noticed Hylith's ghost (amateur FoAK)
  2741 | D:4      | Killed Hylith's ghost
  3293 | D:4      | Noticed Edmund
  3317 | D:4      | Killed Edmund
  4039 | D:6      | Reached XP level 9. HP: 47/69 MP: 9/14
  4394 | D:6      | Found a shattered altar of Ashenzari.
  4394 | D:6      | Found a sacrificial altar of Ru.
  4435 | D:6      | Got a faintly glowing mace
  4436 | D:6      | Identified the +5 mace of Teoxuzom {crush, Dex+4} (You
                  | found it on level 6 of the Dungeon)
  5299 | D:7      | Reached skill level 5 in Stealth
  5416 | D:7      | Reached skill level 5 in Invocations
  5510 | D:7      | Got a fine ring mail
  5521 | D:7      | Identified the +3 ring mail of Xom's Displeasure {Dex+4}
                  | (You found it on level 7 of the Dungeon)
  5645 | D:7      | Reached XP level 10. HP: 50/77 MP: 11/17
  5655 | D:7      | Got a crude glass ring
  5656 | D:7      | Got a warped scimitar
  5656 | D:7      | Got a twisted plate armour
  5657 | D:7      | Identified the +9 scimitar of the Yoke {slice, Int+6} (You
                  | found it on level 7 of the Dungeon)
  5668 | D:7      | Identified the cursed +1 plate armour of the Barracuda
                  | {Dex+3} (You found it on level 7 of the Dungeon)
  5810 | D:7      | Found a staircase to the Ecumenical Temple.
  5819 | Temple   | Entered the Ecumenical Temple
  5907 | Temple   | Identified the ring "Uggoblep" {rC+ MR++ Str+3 Stlth+} (You
                  | found it on level 7 of the Dungeon)
  5951 | Temple   | Became a worshipper of Cheibriados the Contemplative
  6226 | D:7      | Reached skill level 5 in Short Blades
  6226 | D:7      | Reached skill level 5 in Long Blades
  6226 | D:7      | Reached skill level 5 in Axes
  6226 | D:7      | Reached skill level 5 in Maces & Flails
  6226 | D:7      | Reached skill level 5 in Polearms
  6226 | D:7      | Reached skill level 5 in Staves
  6226 | D:7      | Reached skill level 5 in Slings
  6226 | D:7      | Reached skill level 5 in Bows
  6226 | D:7      | Reached skill level 5 in Throwing
  6226 | D:7      | Reached skill level 5 in Armour
  6226 | D:7      | Reached skill level 5 in Shields
  6226 | D:7      | Reached skill level 5 in Unarmed Combat
  6226 | D:7      | Reached skill level 5 in Spellcasting
  6226 | D:7      | Reached skill level 5 in Evocations
  6342 | D:7      | Noticed a two-headed ogre
  6348 | D:7      | Killed a two-headed ogre
  6348 | D:7      | Reached skill level 10 in Crossbows
  6581 | D:8      | Reached * piety under Cheibriados
  6829 | D:8      | Found a staircase to the Lair.
  6971 | D:8      | Found a runed translucent door.
  6971 | D:8      | Noticed an angel
  6972 | D:8      | Found a glowing silver altar of Zin.
  7032 | D:8      | Found a glowing silver altar of Zin.
  7033 | D:8      | Noticed an angel
  7376 | D:8      | Found a white marble altar of Elyvilon.
  7413 | D:8      | Noticed Grum
  7423 | D:8      | Killed Grum
  7454 | D:8      | Reached ** piety under Cheibriados
  7547 | D:8      | Reached XP level 11. HP: 75/84 MP: 16/19
  7645 | D:8      | Found a basalt altar of Yredelemnul.
  7957 | D:9      | Noticed Harold
  7974 | D:9      | Killed Harold
  8264 | D:9      | Noticed a two-headed ogre
  8286 | D:9      | Killed a two-headed ogre
  8286 | D:9      | Reached skill level 5 in Conjurations
  8286 | D:9      | Reached skill level 5 in Hexes
  8286 | D:9      | Reached skill level 5 in Charms
  8286 | D:9      | Reached skill level 5 in Summonings
  8286 | D:9      | Reached skill level 5 in Necromancy
  8286 | D:9      | Reached skill level 5 in Translocations
  8286 | D:9      | Reached skill level 5 in Transmutations
  8286 | D:9      | Reached skill level 5 in Fire Magic
  8286 | D:9      | Reached skill level 5 in Ice Magic
  8286 | D:9      | Reached skill level 5 in Air Magic
  8286 | D:9      | Reached skill level 5 in Earth Magic
  8286 | D:9      | Reached skill level 5 in Poison Magic
  8398 | D:9      | Reached *** piety under Cheibriados
  8504 | D:9      | Found a burning altar of Makhleb.
  8645 | D:9      | Found a staircase to the Orcish Mines.
  8739 | D:10     | Entered Level 10 of the Dungeon
  8873 | D:10     | Noticed Nergalle
  8883 | D:10     | Killed Nergalle
  8902 | D:10     | Noticed a two-headed ogre
  8911 | D:10     | Killed a two-headed ogre
  8911 | D:10     | Reached **** piety under Cheibriados
  9237 | D:10     | Noticed a purple very ugly thing
  9238 | D:10     | Found a corrupted altar of Lugonu.
  9238 | D:10     | Noticed a worldbinder
  9499 | D:10     | Found a basalt altar of Yredelemnul.
  9628 | D:10     | Found a transporter.
  9642 | D:10     | Found a transporter.
  9646 | D:10     | Noticed a lindwurm
  9653 | D:10     | a lindwurm changed into a torpor snail
  9768 | D:11     | Found a hide-covered altar of Uskayaw.
  9815 | D:11     | Noticed a sun demon
  9960 | D:11     | Reached ***** piety under Cheibriados
  9996 | D:11     | Reached XP level 12. HP: 71/93 MP: 17/22
 10066 | D:11     | Noticed Sonja
 10100 | D:11     | Killed Sonja
 11228 | D:12     | Noticed a two-headed ogre
 11249 | D:12     | Killed a two-headed ogre
 11505 | D:12     | Noticed a vault guard
 11513 | D:12     | Killed a vault guard
 11521 | D:12     | Found a portal to a secret trove of treasure.
 12086 | D:13     | Reached XP level 13. HP: 80/101 MP: 20/24
 13143 | Orc:1    | Entered Level 1 of the Orcish Mines
 13384 | Orc:2    | Entered Level 2 of the Orcish Mines
 13384 | Orc:2    | Noticed Josephine
 13384 | Orc:2    | Noticed Saint Roka
 13409 | Orc:1    | Killed Saint Roka
 13639 | Orc:1    | Killed Josephine
 13778 | Orc:1    | Noticed an orc warlord
 13792 | Orc:2    | Killed an orc warlord
 14112 | Orc:1    | Found a runed translucent gate.
 14113 | Orc:1    | Found a runed translucent gate.
 14114 | Orc:1    | Found a runed translucent gate.
 14119 | Orc:1    | Noticed a merfolk impaler
 14121 | Orc:1    | Noticed Fuix Ziu's ghost (journeyman DsMo)
 14142 | Orc:1    | Found an iron altar of Okawaru.
 14162 | Orc:1    | Reached XP level 14. HP: 50/109 MP: 2/26
 14257 | Orc:1    | Killed Fuix Ziu's ghost
 15025 | Orc:2    | Found Korchom's Mayhem Merchandise.
 15047 | Orc:2    | Found a staircase to the Elven Halls.
 15053 | Orc:2    | Noticed Snorg
 15363 | Orc:1    | Killed Snorg
 15363 | Orc:1    | Reached skill level 10 in Fighting
 15363 | Orc:1    | Reached skill level 10 in Dodging
 15502 | Orc:2    | Noticed an orc warlord
 15524 | Orc:2    | Killed an orc warlord
 15526 | Orc:2    | Noticed Urug
 15537 | Orc:2    | Killed Urug
 15634 | Orc:2    | Reached ****** piety under Cheibriados
 15842 | Orc:2    | Found a roughly hewn altar of Beogh.
 15847 | Orc:2    | Found Gabusaow's Jewellery Emporium.
 15935 | Orc:2    | Found Qixtu's General Store.
 15941 | Orc:2    | Bought 2 potions of curing for 60 gold pieces
 15965 | Orc:2    | Found Hoozid's Antique Armour Emporium.
 16099 | Orc:2    | Found Foiq's Antique Weapon Emporium.
 16387 | D:14     | Reached skill level 10 in Invocations
 16768 | D:14     | Found a gate to the Vaults.
 17251 | D:15     | Entered Level 15 of the Dungeon
 17326 | D:15     | Found a flickering gateway to a bazaar.
 17334 | Bazaar   | Entered a bazaar
 17334 | Bazaar   | Found Xynnagh's Antique Weapon Shop.
 17346 | Bazaar   | Found Buateud's Antique Armour Shop.
 17373 | Bazaar   | Found Wiruecoc's General Store.
 17381 | Bazaar   | Bought a scroll of acquirement for 520 gold pieces
 17401 | Bazaar   | Bought a runed plate armour for 624 gold pieces
 18066 | D:15     | Reached XP level 15. HP: 94/117 MP: 28/28
 18356 | D:15     | Found a staircase to the Depths.
 18675 | Lair:1   | Entered Level 1 of the Lair of Beasts
 18678 | Lair:1   | Reached skill level 10 in Stealth
 19364 | Lair:2   | Found a staircase to the Snake Pit.
 19575 | Lair:2   | Found a staircase to the Shoals.
 21702 | Lair:5   | Reached skill level 10 in Short Blades
 21702 | Lair:5   | Reached skill level 10 in Long Blades
 21702 | Lair:5   | Reached skill level 10 in Axes
 21702 | Lair:5   | Reached skill level 10 in Maces & Flails
 21702 | Lair:5   | Reached skill level 10 in Polearms
 21702 | Lair:5   | Reached skill level 10 in Staves
 21702 | Lair:5   | Reached skill level 10 in Slings
 21702 | Lair:5   | Reached skill level 10 in Bows
 21702 | Lair:5   | Reached skill level 10 in Throwing
 21702 | Lair:5   | Reached skill level 10 in Armour
 21702 | Lair:5   | Reached skill level 10 in Shields
 21702 | Lair:5   | Reached skill level 10 in Unarmed Combat
 21702 | Lair:5   | Reached skill level 10 in Spellcasting
 21702 | Lair:5   | Reached skill level 10 in Evocations
 22477 | Lair:5   | Found a staircase to the Slime Pits.
 22799 | Slime:1  | Entered Level 1 of the Pits of Slime
 22813 | Lair:6   | Entered Level 6 of the Lair of Beasts
 23720 | Lair:6   | Reached XP level 16. HP: 69/125 MP: 30/30
 24493 | Lair:6   | Found the +8 lance "Wyrmbane" {slay drac, rPois rF+ rC+
                  | AC+3}
 24835 | Depths:1 | Entered Level 1 of the Depths
 24859 | Depths:1 | Got a scorched executioner's axe
 24860 | Depths:1 | Identified the +6 executioner's axe of Pride {chop, MR+}
                  | (You found it on level 1 of the Depths)
 25645 | Depths:1 | Found a one-way gate to the infinite horrors of the Abyss.
 26787 | Depths:1 | Found a one-way gate leading to the halls of Pandemonium.
 26868 | Depths:1 | Found a gateway to Hell.
 27274 | Snake:1  | Entered Level 1 of the Snake Pit
 27288 | Snake:1  | Reached XP level 17. HP: 93/133 MP: 14/32
 27871 | Snake:1  | Noticed Aizul
 29158 | Lair:2   | Killed Aizul
 29455 | Snake:1  | Identified the +2 shield "Qaiz" {-Cast +Blink rC++ rCorr}
 29455 | Snake:1  | Noticed Asterion
 29467 | Snake:1  | Killed Asterion
 29683 | Snake:1  | You fall through a shaft!
 29800 | Snake:1  | Found Fofaowikk's Antique Weapon Shop.
 30022 | Snake:2  | Noticed Agnes
 30038 | Snake:2  | Killed Agnes
 30051 | Snake:2  | Found Vulleuggai's Gadget Boutique.
 30094 | Snake:2  | Found Noutwaru's Armour Shop.
 30123 | Snake:2  | Bought the +4 helmet of the Gastropod {rPois MR+ Int+3} for
                  | 714 gold pieces
 30333 | Snake:2  | Noticed Jorgrun
 30356 | Snake:2  | Killed Jorgrun
 30385 | Snake:2  | Noticed Nikola
 31085 | Snake:2  | Killed Nikola
 31410 | Snake:3  | Reached skill level 10 in Conjurations
 31410 | Snake:3  | Reached skill level 10 in Hexes
 31410 | Snake:3  | Reached skill level 10 in Charms
 31410 | Snake:3  | Reached skill level 10 in Summonings
 31410 | Snake:3  | Reached skill level 10 in Necromancy
 31410 | Snake:3  | Reached skill level 10 in Translocations
 31410 | Snake:3  | Reached skill level 10 in Transmutations
 31410 | Snake:3  | Reached skill level 10 in Fire Magic
 31410 | Snake:3  | Reached skill level 10 in Ice Magic
 31410 | Snake:3  | Reached skill level 10 in Air Magic
 31410 | Snake:3  | Reached skill level 10 in Earth Magic
 31410 | Snake:3  | Reached skill level 10 in Poison Magic
 31646 | Snake:3  | Reached XP level 18. HP: 121/141 MP: 33/33
 32527 | Snake:4  | Entered Level 4 of the Snake Pit
 33821 | Snake:4  | HP: 4/143 [naga sharpshooter/bolt (12)]
 34269 | Snake:4  | Reached XP level 19. HP: 138/149 MP: 35/35
 34293 | Snake:4  | Got a serpentine rune of Zot
 34688 | Shoals:1 | Entered Level 1 of the Shoals
 34905 | Shoals:1 | Noticed Hylith's ghost (journeyman DDEE)
 34912 | Shoals:1 | Found a transporter.
 34915 | Shoals:1 | Found a transporter.
 34968 | Shoals:1 | Killed Hylith's ghost
 36943 | Shoals:4 | Entered Level 4 of the Shoals
 37594 | Shoals:4 | Got a barnacled rune of Zot
 37635 | Shoals:4 | Identified the Handbook of Darkness and Air
 37657 | Shoals:4 | Found Kiffaedgh's Assorted Antiques.
 37684 | Shoals:4 | Bought a spiked buckler for 199 gold pieces
 37694 | Shoals:4 | Identified the cursed -4 buckler of Amirud {Int+2 SInv}
                  | (You bought it in a shop on level 4 of the Shoals)
 38017 | Shoals:4 | Found Gaastrilu's Food Shop.
 38025 | Shoals:4 | Found Xosum's Weapon Boutique.
 38060 | Shoals:4 | Reached XP level 20. HP: 157/157 MP: 36/36
 38105 | Shoals:4 | Reached skill level 15 in Crossbows
 38109 | Shoals:4 | Identified the ring of Mistrust {+Inv +Fly}
 38464 | Vaults:1 | Entered Level 1 of the Vaults
 39637 | Vaults:1 | Found a radiant altar of Vehumet.
 40787 | Vaults:2 | Noticed a Brimstone Fiend
 41489 | Vaults:2 | Noticed Donald
 41522 | Vaults:2 | Killed Donald
 41564 | Vaults:2 | Reached XP level 21. HP: 99/165 MP: 34/38
 41990 | Vaults:2 | Found Parruomm's General Store.
 42004 | Vaults:2 | Bought a potion of agility for 44 gold pieces
 42004 | Vaults:2 | Bought a scroll of enchant weapon for 82 gold pieces
 42743 | Vaults:3 | Got a translucent broad axe
 42744 | Vaults:3 | Identified the +2 broad axe of Foixtergh {freeze, Fragile
                  | +Fly rF+ Int+2 Dex+4} (You found it on level 3 of the
                  | Vaults)
 42851 | Vaults:3 | Found a staircase to the Crypt.
 42851 | Vaults:3 | Found an ancient bone altar of Kikubaaqudgha.
 42852 | Vaults:3 | Found a basalt altar of Yredelemnul.
 43384 | Vaults:3 | Noticed Bai Suzhen
 43397 | Vaults:3 | Killed Bai Suzhen
 44045 | Vaults:3 | Reached skill level 15 in Invocations
 44817 | Vaults:4 | Reached XP level 22. HP: 170/173 MP: 40/40
 44824 | Vaults:4 | Found Ciroxzas's Jewellery Shoppe.
 45030 | Vaults:4 | Found Yzeipp's Weapon Boutique.
 46197 | Depths:2 | Noticed a juggernaut
 46244 | Depths:2 | Killed a juggernaut
 46315 | Depths:1 | Reached skill level 15 in Fighting
 46315 | Depths:1 | Reached skill level 15 in Dodging
 46863 | Depths:2 | Noticed Mara
 46879 | Depths:2 | Noticed xccam's illusion
 46882 | Depths:2 | Killed Mara
 47196 | Depths:2 | Noticed a juggernaut
 47197 | Depths:2 | Noticed a golden dragon
 47214 | Depths:2 | Killed a juggernaut
 47217 | Depths:2 | Killed a golden dragon
 47260 | Depths:2 | Got a flickering granite ring
 47262 | Depths:2 | Identified the ring "Toel" {rF+ rN+ Str+2} (You found it on
                  | level 2 of the Depths)
 47638 | Depths:3 | Reached XP level 23. HP: 181/181 MP: 41/41
 47681 | Depths:3 | Paralysed by a floating eye for 4 turns
 47688 | Depths:3 | Paralysed by a floating eye for 3 turns
 47697 | Depths:3 | Paralysed by a floating eye for 4 turns
 48405 | Depths:3 | Reached skill level 15 in Stealth
 48488 | Depths:3 | Noticed a golden dragon
 48499 | Depths:3 | Killed a golden dragon
 48620 | Depths:3 | Got a fine diamond amulet
 48622 | Depths:3 | Identified the amulet of the Salmon {Faith +Fly rPois} (You
                  | found it on level 3 of the Depths)
 48663 | Depths:3 | Reached skill level 15 in Short Blades
 48663 | Depths:3 | Reached skill level 15 in Long Blades
 48663 | Depths:3 | Reached skill level 15 in Axes
 48663 | Depths:3 | Reached skill level 15 in Maces & Flails
 48663 | Depths:3 | Reached skill level 15 in Polearms
 48663 | Depths:3 | Reached skill level 15 in Staves
 48663 | Depths:3 | Reached skill level 15 in Slings
 48663 | Depths:3 | Reached skill level 15 in Bows
 48663 | Depths:3 | Reached skill level 15 in Throwing
 48663 | Depths:3 | Reached skill level 15 in Armour
 48663 | Depths:3 | Reached skill level 15 in Shields
 48663 | Depths:3 | Reached skill level 15 in Unarmed Combat
 48663 | Depths:3 | Reached skill level 15 in Spellcasting
 48663 | Depths:3 | Reached skill level 15 in Evocations
 48689 | Depths:3 | Got a vibrating bronze ring
 48715 | Depths:3 | Identified the cursed ring of Pick {*Contam rElec rPois rC+
                  | Str-4} (You found it on level 3 of the Depths)
 48717 | Depths:3 | Identified the ring of Woym {rPois MR+ MP+9 Slay+2}
 48790 | Depths:3 | Identified the Compendium of Summoning
 48815 | Depths:3 | Gained mutation: Your spells are a little easier to cast,
                  | but a little less powerful. [mutagenic glow]
 49637 | Depths:4 | Noticed a juggernaut
 49651 | Depths:4 | Noticed a caustic shrike
 49653 | Depths:4 | Killed a juggernaut
 49753 | Depths:4 | Killed a caustic shrike
 49754 | Depths:4 | Noticed a caustic shrike
 49792 | Depths:4 | Noticed a caustic shrike
 49804 | Depths:4 | Killed a caustic shrike
 49810 | Depths:4 | Killed a caustic shrike
 49889 | Depths:4 | Found a gateway to a ziggurat.
 49930 | Depths:4 | Reached XP level 24. HP: 100/190 MP: 41/42
 50578 | Depths:4 | Noticed a greater mummy
 50596 | Depths:4 | Killed a greater mummy
 50911 | Depths:4 | Noticed a greater mummy
 50932 | Depths:4 | Killed a greater mummy
 51063 | Depths:4 | Noticed a greater mummy
 51064 | Depths:4 | Found the amulet of Vitality {Regen+ HP+15}
 51080 | Depths:4 | Killed a greater mummy
 51316 | Depths:4 | Found the +3 giant club "Skullcrusher" {speed, Str+7}
 51649 | Depths:5 | Entered Level 5 of the Depths
 51702 | Depths:5 | Noticed a caustic shrike
 51715 | Depths:5 | Noticed a caustic shrike
 51724 | Depths:5 | Killed a caustic shrike
 51730 | Depths:5 | Noticed a caustic shrike
 51732 | Depths:5 | Noticed a caustic shrike
 51744 | Depths:4 | Killed a caustic shrike
 51744 | Depths:4 | Killed a caustic shrike
 51906 | Depths:4 | Killed a caustic shrike
 52197 | Depths:5 | Found a gate to the Realm of Zot.
 52380 | Depths:5 | Found a glowing golden altar of the Shining One.
 52967 | Elf:1    | Entered Level 1 of the Elven Halls
 53121 | Elf:1    | Reached XP level 25. HP: 196/196 MP: 42/42
 53474 | Elf:1    | Found a flickering gateway to a bazaar.
 53826 | Elf:2    | Found Tuuclaw's Distillery.
 53835 | Elf:2    | Bought a potion of curing for 51 gold pieces
 53835 | Elf:2    | Bought a potion of heal wounds for 85 gold pieces
 53835 | Elf:2    | Bought a potion of curing for 51 gold pieces
 53835 | Elf:2    | Bought a potion of curing for 51 gold pieces
 53835 | Elf:2    | Bought 2 potions of mutation for 272 gold pieces
 53943 | Elf:2    | Found a magical portal.
 53948 | WizLab   | Entered Zonguldrok's Shrine
 54249 | WizLab   | Noticed an antique lich
 54259 | WizLab   | Killed an antique lich
 54262 | WizLab   | Found the +9 sword of Zonguldrok {reap}
 54429 | Elf:2    | Found a runed translucent gate.
 54429 | Elf:2    | Found a runed translucent gate.
 54429 | Elf:2    | Found a runed translucent gate.
 55159 | Elf:3    | Entered Level 3 of the Elven Halls
 55183 | Elf:3    | Found Ucus's General Store.
 55189 | Elf:3    | Bought a potion of resistance for 140 gold pieces
 55295 | Elf:3    | Found a gateway to a bazaar.
 55306 | Elf:3    | Found Wibbary's Magic Scroll Boutique.
 55326 | Bazaar   | Entered a bazaar
 55326 | Bazaar   | Found Kaefuyw's Antique Armour Shop.
 55326 | Bazaar   | Found Yzurodak's Jewellery Shop.
 55344 | Bazaar   | Found Dolipsoa's Magic Scroll Emporium.
 55352 | Bazaar   | Bought a scroll of teleportation for 42 gold pieces
 55352 | Bazaar   | Bought a scroll of identify for 28 gold pieces
 55352 | Bazaar   | Bought a scroll of identify for 28 gold pieces
 55355 | Bazaar   | Found Dogoegg's General Store.
 55363 | Bazaar   | Found Xypeg's Antique Weapon Boutique.
 55398 | Bazaar   | Bought a pitted plate armour for 644 gold pieces
 55398 | Bazaar   | Identified the +12 plate armour of Xubloyvo {*Drain rElec
                  | rCorr} (You bought it in a shop in a bazaar)
 55399 | Bazaar   | Bought a spiked plate armour for 644 gold pieces
 55399 | Bazaar   | Identified the +2 plate armour of Immorality {rPois rF-
                  | Dex+9 Slay-6} (You bought it in a shop in a bazaar)
 55459 | Elf:3    | Bought a scroll of teleportation for 57 gold pieces
 55459 | Elf:3    | Bought a scroll of identify for 38 gold pieces
 55459 | Elf:3    | Bought a scroll of identify for 38 gold pieces
 55857 | Elf:3    | Identified the +11 long sword of True Grit {freeze, rF+
                  | Str+3 Int+2 Stlth+}
 56100 | Elf:3    | Got a spiked plate armour
 56101 | Elf:3    | Identified the +7 plate armour of the Snake Pit {rC- rCorr
                  | Dex+6 Stlth+} (You found it on level 3 of the Elven Halls)
 56109 | Elf:3    | Identified the Incunabulum of the Unholy Escort
 56287 | Elf:3    | Found Nuah Ott's General Store.
 56450 | Elf:3    | Identified Sif Muna's Reference Book on Boosting Necromancy
 57139 | Vaults:5 | Entered Level 5 of the Vaults
 57166 | Vaults:5 | Reached XP level 26. HP: 206/206 MP: 43/43
 57302 | Vaults:5 | Identified the cursed +1 ring mail of Agoraphobia {rN++
                  | Str-4}
 57656 | Vaults:5 | Identified the amulet "Exkep" {Reflect Int+4 SH+4}
 58063 | Vaults:5 | Identified the ring of Jaap {+Inv rElec rC- rN++ Str+3}
 58149 | Vaults:5 | Got a silver rune of Zot
 58334 | Vaults:5 | Got an ancient granite ring
 58335 | Vaults:5 | Identified the ring "Okhauqu" {Str+3 Stlth-} (You found it
                  | on level 5 of the Vaults)
 58344 | Vaults:5 | Found the +3 crown of Dyrovepreva {rElec Int+2 SInv}
 58958 | Zot:1    | Entered Level 1 of the Realm of Zot
 59669 | Zot:2    | Reached XP level 27. HP: 181/214 MP: 43/43
 62215 | Zot:4    | Noticed an orb of fire
 62241 | Zot:4    | Lost mutation: Your spells are a little easier to cast, but
                  | a little less powerful. [an orb of fire]
 62249 | Zot:4    | Killed an orb of fire
 62249 | Zot:4    | Reached skill level 15 in Conjurations
 62249 | Zot:4    | Reached skill level 15 in Hexes
 62249 | Zot:4    | Reached skill level 15 in Charms
 62249 | Zot:4    | Reached skill level 15 in Summonings
 62249 | Zot:4    | Reached skill level 15 in Necromancy
 62249 | Zot:4    | Reached skill level 15 in Translocations
 62249 | Zot:4    | Reached skill level 15 in Transmutations
 62249 | Zot:4    | Reached skill level 15 in Fire Magic
 62249 | Zot:4    | Reached skill level 15 in Ice Magic
 62249 | Zot:4    | Reached skill level 15 in Air Magic
 62249 | Zot:4    | Reached skill level 15 in Earth Magic
 62249 | Zot:4    | Reached skill level 15 in Poison Magic
 62558 | Zot:5    | Entered Level 5 of the Realm of Zot
 63077 | Zot:5    | Noticed an ancient lich
 63104 | Zot:5    | Killed an ancient lich
 63148 | Zot:5    | Noticed an orb of fire
 63169 | Zot:5    | Noticed an orb of fire
 63175 | Zot:5    | Killed an orb of fire
 63180 | Zot:5    | Gained mutation: Your magical capacity is low. (-10% MP)
                  | [an orb of fire]
 63186 | Zot:5    | Killed an orb of fire
 63189 | Zot:5    | Noticed an orb of fire
 63192 | Zot:5    | Noticed an orb of fire
 63193 | Zot:5    | Noticed an orb of fire
 63193 | Zot:5    | Gained mutation: Scrolls take you a little longer to read.
                  | [an orb of fire]
 63194 | Zot:5    | Noticed an orb of fire
 63200 | Zot:5    | Gained mutation: You occasionally shout uncontrollably at
                  | your foes. [an orb of fire]
 63203 | Zot:5    | Gained mutation: Scrolls take you longer to read. [an orb
                  | of fire]
 63204 | Zot:5    | Gained mutation: You are weak. (Str -2) [an orb of fire]
 63204 | Zot:5    | Gained mutation: You are clumsy. (Dex -2) [an orb of fire]
 63205 | Zot:5    | Gained mutation: Potions are less effective at restoring
                  | your health. [an orb of fire]
 63211 | Zot:5    | Lost mutation: You are clumsy. (Dex -2) [potion of
                  | mutation]
 63211 | Zot:5    | Lost mutation: Potions are less effective at restoring your
                  | health. [potion of mutation]
 63211 | Zot:5    | Gained mutation: You have large cloven feet. [potion of
                  | mutation]
 63211 | Zot:5    | Gained mutation: Your movements are slightly less
                  | encumbered by armour. (ER -2) [potion of mutation]
 63211 | Zot:5    | Gained mutation: You possess an exceptional clarity of
                  | mind. [potion of mutation]
 63212 | Zot:5    | Lost mutation: Your magical capacity is low. (-10% MP)
                  | [potion of mutation]
 63212 | Zot:5    | Lost mutation: You possess an exceptional clarity of mind.
                  | [potion of mutation]
 63212 | Zot:5    | Lost mutation: You are weak. (Str -2) [potion of mutation]
 63212 | Zot:5    | Gained mutation: You are agile. (Dex +2) [potion of
                  | mutation]
 63212 | Zot:5    | Gained mutation: You possess an exceptional clarity of
                  | mind. [potion of mutation]
 63213 | Zot:5    | Lost mutation: You possess an exceptional clarity of mind.
                  | [potion of mutation]
 63213 | Zot:5    | Lost mutation: Scrolls take you longer to read. [potion of
                  | mutation]
 63213 | Zot:5    | Gained mutation: You have a pair of small horns on your
                  | head. [potion of mutation]
 63215 | Zot:5    | Lost mutation: You have a pair of small horns on your head.
                  | [potion of mutation]
 63215 | Zot:5    | Lost mutation: Scrolls take you a little longer to read.
                  | [potion of mutation]
 63215 | Zot:5    | Gained mutation: You are partially covered in thin metallic
                  | scales. (AC +2) [potion of mutation]
 63215 | Zot:5    | Gained mutation: Armour fits poorly on your strangely
                  | shaped body. [potion of mutation]
 63215 | Zot:5    | Gained mutation: You are resistant to hostile enchantments.
                  | (MR+) [potion of mutation]
 63216 | Zot:5    | Lost mutation: Armour fits poorly on your strangely shaped
                  | body. [potion of mutation]
 63216 | Zot:5    | Lost mutation: You have large cloven feet. [potion of
                  | mutation]
 63216 | Zot:5    | Gained mutation: You are frail. (-10% HP) [potion of
                  | mutation]
 63216 | Zot:5    | Lost mutation: You occasionally shout uncontrollably at
                  | your foes. [potion of mutation]
 63216 | Zot:5    | Gained mutation: You are surrounded by a mild repulsion
                  | field. (EV +2) [potion of mutation]
 63384 | Zot:5    | Gained mutation: Your magical capacity is low. (-10% MP)
                  | [an orb of fire]
 63386 | Zot:5    | Gained mutation: Your magical capacity is very low. (-20%
                  | MP) [an orb of fire]
 63387 | Zot:5    | Gained mutation: Scrolls take you a little longer to read.
                  | [an orb of fire]
 63390 | Zot:5    | Killed an orb of fire
 63509 | Zot:5    | Gained mutation: You are weak. (Str -2) [an orb of fire]
 63516 | Zot:5    | Lost mutation: You are resistant to hostile enchantments.
                  | (MR+) [an orb of fire]
 63527 | Zot:5    | Lost mutation: You are agile. (Dex +2) [an orb of fire]
 63531 | Zot:5    | Gained mutation: Armour fits poorly on your strangely
                  | shaped body. [an orb of fire]
 63532 | Zot:5    | Killed an orb of fire
 63532 | Zot:5    | Gained mutation: Your spells are a little easier to cast,
                  | but a little less powerful. [an orb of fire]
 63542 | Zot:5    | Gained mutation: You are dopey. (Int -2) [an orb of fire]
 63546 | Zot:5    | Killed an orb of fire
 63620 | Zot:5    | Lost mutation: Armour fits poorly on your strangely shaped
                  | body. [potion of mutation]
 63620 | Zot:5    | Lost mutation: Your spells are a little easier to cast, but
                  | a little less powerful. [potion of mutation]
 63620 | Zot:5    | Lost mutation: You are surrounded by a mild repulsion
                  | field. (EV +2) [potion of mutation]
 63620 | Zot:5    | Gained mutation: You have a pair of small horns on your
                  | head. [potion of mutation]
 63621 | Zot:5    | Lost mutation: You are weak. (Str -2) [potion of mutation]
 63621 | Zot:5    | Lost mutation: Your movements are slightly less encumbered
                  | by armour. (ER -2) [potion of mutation]
 63621 | Zot:5    | Gained mutation: Your magical capacity is extremely low.
                  | (-30% MP) [potion of mutation]
 63621 | Zot:5    | Gained mutation: You have a pair of horns on your head.
                  | [potion of mutation]
 63622 | Zot:5    | Lost mutation: You have a pair of horns on your head.
                  | [potion of mutation]
 63622 | Zot:5    | Lost mutation: You are frail. (-10% HP) [potion of
                  | mutation]
 63622 | Zot:5    | Lost mutation: Scrolls take you a little longer to read.
                  | [potion of mutation]
 63622 | Zot:5    | Gained mutation: You are resistant to hostile enchantments.
                  | (MR+) [potion of mutation]
 63622 | Zot:5    | Lost mutation: Your magical capacity is extremely low.
                  | (-30% MP) [potion of mutation]
 63664 | Zot:5    | HP: 7/349 [Orb Guardian (15)]
 63664 | Zot:5    | HP: 3/349 [moth of wrath (4)]
 63664 | Zot:5    | Mangled by an Orb Guardian

Levels and vault maps discovered:
D:1:      lightli_arrival_flooded_house, layout_basic, minmay_unequal
D:2:      layout_basic, nicolae_overflow_hidden_temple
D:3:      layout_loops_ring, trog_book
D:4:      layout_rooms, gammafunk_ghost_nasty_kobolds, gup_sewer_entry_pipe,
          uniq_edmund
D:5:      layout_basic, first_ration, uniq_eustachio
D:6:      layout_cave_pools, gammafunk_temple_overflow_elements,
          hangedman_abyss_or_decor_passed, minmay_misc_feat_pillars
D:7:      layout_loops_ring, minmay_temple_entry_fiery, minmay_the_grid_2x2
          [minmay_the_grid_tree, minmay_the_grid_x,
          minmay_the_grid_minigrid_large, minmay_the_grid_prize_shrinking_boxes]
D:8:      layout_basic, kennysheep_ying_yang, zin_angel, erik_lair_island,
          the_bakery, lemuel_angel_altar, uniq_grum
D:9:      layout_loops_corners, lemuel_round_altar, orc_0_dummy, minmay_between,
          uniq_harold
D:10:     gammafunk_corrupted_shrine, layout_loops_ring, basic_altar,
          uniq_nergalle
D:11:     layout_cave_pods, basic_altar, minmay_misc_feat_cross, uniq_sonja
D:12:     layout_long_grid, enter_trove_5, hangedman_decor_riveting,
          evilmike_minifort
D:13:     layout_grid_maze
D:14:     layout_cave_pools, hangedman_vaults_entry_quadrant_bands
D:15:     grunt_enter_depths_magical_seal, layout_basic, corexii_hall_statues_x,
          serial_shops, bzr_entry_gold
Temple:   regret_index_temple_waves
Lair:1:   layout_roguey, grunt_forest_large_clearing_hut, lemuel_fruit_fields
Lair:2:   layout_cave_pods, minmay_shoals_entry_hut,
          minmay_snake_entry_six_corridors, chequers_serial_rivers_small_a,
          beast_lair_carwin_2
Lair:3:   layout_loops_ring, beast_lair_carwin_10, minmay_lair_oklob_chamber
Lair:4:   layout_gridlike, st_stairs_8
Lair:5:   beast_lair_carwin_large_1, layout_cave_pods,
          minmay_slime_entry_pillars, uniq_urug
Lair:6:   grunt_lair_end_beastmaster, layout_regular_city,
          eino_house_with_fridge, serial_bayou_shore_b
Shoals:1: layout_shoals, gammafunk_ghost_arena
Shoals:2: layout_shoals
Shoals:3: layout_shoals
Shoals:4: shoals_end_grunt_garden, layout_shoals, serial_shops, shop_fountains,
          nicolae_shop_competitors_out_of_business, nicolae_shop_stone
Snake:1:  layout_rooms, serial_shops, nicolae_shop_statue_plus,
          grunt_ministairs_3, st_stairs_10, serial_bayou_ford_a, drop_trap,
          uniq_aizul, uniq_asterion
Snake:2:  layout_concentric_octagons, serial_shops, shop_coins, shop,
          uniq_nikola, uniq_jorgrun, uniq_agnes
Snake:3:  layout_basic
Snake:4:  snake_pit, layout_gridlike
Slime:1:  layout_caves
Orc:1:    layout_caves, gammafunk_ghost_fury_of_okawaru
Orc:2:    grunt_orc_cross, layout_caves, minmay_shop_mayhem, uniq_snorg,
          uniq_josephine, uniq_saint_roka
Elf:1:    minmay_elf_arrival_circle, layout_gridlike, serial_shops,
          bzr_entry_road, minivault_28
Elf:2:    layout_onion_city, serial_shops, shop_statue, mu_enter_wizlab_1
Elf:3:    minmay_elf_hall_spiked, layout_loops_corners, serial_shops,
          bzr_entry_lakeside, nicolae_shop_window_shopping, shop,
          nicolae_shop_trees
Vaults:1: grunt_tower_of_power, ontoclasm_vaults_hangar,
          ontoclasm_vaults_claustrophobia, dpeg_vaults_monster_box, v_pattern_4,
          ontoclasm_vaults_chip, v_misc_8, v_misc_27, vaults_room_pool,
          v_misc_32, nicolae_vaults_windows_and_doors_thing,
          nicolae_vaults_inception_scallops, nicolae_vaults_asterisk,
          nicolae_vaults_little_squares_3, serial_ice_m,
          nicolae_vaults_little_squares_1, ontoclasm_vaults_pinch,
          layout_vaults_omnicross
Vaults:2: hangedman_vaults_locks, nicolae_vaults_stairing_the_circle,
          nicolae_vaults_network_quinsquares
          [nicolae_vaults_network_quincunx_subvault,
          nicolae_vaults_network_quincunx_subvault,
          nicolae_vaults_network_quincunx_subvault,
          nicolae_vaults_network_quincunx_subvault], v_alt_pattern_2,
          ontoclasm_vaults_bender, nicolae_vaults_yaktaur_gun_rack,
          v_alt_pattern_5, v_misc_8, vaults_room_mumra_shop_pool,
          vaults_room_hangedman_quadrants, vaults_dpeg_encased_lava,
          nicolae_vaults_angled_halls, nicolae_vaults_little_squares_1,
          nicolae_vaults_little_squares_1, layout_vaults_omnibox, uniq_donald
Vaults:3: hangedman_vaults_pinch, minmay_crypt_entry_necro_gods, v_misc_30,
          v_misc_13, v_misc_12, nicolae_vaults_little_squares_3,
          hangedman_vaults_snaps, layout_vaults_omnigrid, uniq_bai_suzhen
Vaults:4: v_misc_18, grunt_vaults_funnel, st_quartered_hall,
          ontoclasm_vaults_decontamination, nicolae_vaults_network_square,
          v_misc_14, ontoclasm_vaults_shuriken, v_misc_27, vaults_dpeg_ring,
          layout_vaults_big_room, serial_shops, nicolae_shop_crystal, shop
Vaults:5
Depths:1: layout_basic, minmay_room_of_horrors, rand_demon_pan_entry_1,
          hell_entry, patterned_corridor
Depths:2: minmay_concentric_multi, layout_basic, hangedman_geh_valley,
          infiniplex_staircase_pool_1, uniq_mara
Depths:3: minmay_tearing_corner, layout_basic, grunt_decor_arrowhead, pan_entry,
          hell_entry
Depths:4: ragdoll_tomb_raider, layout_cave_pools, enter_ziggurat_c, hell_entry,
          abyss_entry_crystal, infiniplex_staircase_hallway_doors
Depths:5: grunt_zot_entry_tricorne, layout_cave_shapes, abyss_entry, hell_entry,
          tso_altar, grunt_megastairs_2
Zot:1:    layout_basic
Zot:2:    layout_cathedral_of_symmetry, grunt_megastairs_4
Zot:3:    layout_concentric_octagons
Zot:4:    layout_basic, skrybe_zot_glass_3
Zot:5:    layout_misc_corridors

Skill      XL: |  1  2  3  4  5  6  7  8  9 10 11 12 13 14 15 16 17 18 19 20 21 22 23 24 25 26 27 |
---------------+----------------------------------------------------------------------------------+-----
Invocations    | 1 2 3 4 5 6 7 8 9 10 11 12 13 14 15 16 17 18 19 | 19.1
Short Blades   | 1 2 3 4 5 6 7 8 9 10 11 12 13 14 15 16 17 | 17.8
Long Blades    | 1 2 3 4 5 6 7 8 9 10 11 12 13 14 15 16 17 | 17.8
Axes           | 1 2 3 4 5 6 7 8 9 10 11 12 13 14 15 16 17 | 17.8
Maces & Flails | 1 2 3 4 5 6 7 8 9 10 11 12 13 14 15 16 17 | 17.8
Polearms       | 1 2 3 4 5 6 7 8 9 10 11 12 13 14 15 16 17 | 17.8
Staves         | 1 2 3 4 5 6 7 8 9 10 11 12 13 14 15 16 17 | 17.8
Slings         | 1 2 3 4 5 6 7 8 9 10 11 12 13 14 15 16 17 | 17.8
Bows           | 1 2 3 4 5 6 7 8 9 10 11 12 13 14 15 16 17 | 17.8
Throwing       | 1 2 3 4 5 6 7 8 9 10 11 12 13 14 15 16 17 | 17.8
Armour         | 1 2 3 4 5 6 7 8 9 10 11 12 13 14 15 16 17 | 17.8
Shields        | 1 2 3 4 5 6 7 8 9 10 11 12 13 14 15 16 17 | 17.8
Unarmed Combat | 1 2 3 4 5 6 7 8 9 10 11 12 13 14 15 16 17 | 17.8
Spellcasting   | 1 2 3 4 5 6 7 8 9 10 11 12 13 14 15 16 17 | 17.8
Evocations     | 1 2 3 4 5 6 7 8 9 10 11 12 13 14 15 16 17 | 17.8
Conjurations   | 1 2 3 4 5 6 7 8 9 10 11 12 13 14 15 | 15.3
Hexes          | 1 2 3 4 5 6 7 8 9 10 11 12 13 14 15 | 15.3
Charms         | 1 2 3 4 5 6 7 8 9 10 11 12 13 14 15 | 15.3
Summonings     | 1 2 3 4 5 6 7 8 9 10 11 12 13 14 15 | 15.3
Necromancy     | 1 2 3 4 5 6 7 8 9 10 11 12 13 14 15 | 15.3
Translocations | 1 2 3 4 5 6 7 8 9 10 11 12 13 14 15 | 15.3
Transmutations | 1 2 3 4 5 6 7 8 9 10 11 12 13 14 15 | 15.3
Fire Magic     | 1 2 3 4 5 6 7 8 9 10 11 12 13 14 15 | 15.3
Ice Magic      | 1 2 3 4 5 6 7 8 9 10 11 12 13 14 15 | 15.3
Air Magic      | 1 2 3 4 5 6 7 8 9 10 11 12 13 14 15 | 15.3
Earth Magic    | 1 2 3 4 5 6 7 8 9 10 11 12 13 14 15 | 15.3
Poison Magic   | 1 2 3 4 5 6 7 8 9 10 11 12 13 14 15 | 15.3
Stealth        | 3 4 5 6 7 8 9 10 11 12 13 14 15 16 17 | 17.9
Fighting       | 5 6 7 8 9 10 11 12 13 14 15 16 17 18 | 18.2
Dodging        | 5 6 7 8 9 10 11 12 13 14 15 16 17 18 | 18.2
Crossbows      | 9 10 11 12 13 14 15 16 17 18 19 | 19.9

Action                   |  1- 3 |  4- 6 |  7- 9 | 10-12 | 13-15 | 16-18 | 19-21 | 22-24 | 25-27 || total
-------------------------+-------+-------+-------+-------+-------+-------+-------+-------+-------++-------
Melee: Short sword       |    15 |       |   170 |       |       |       |       |       |       ||   185
       Bite              |     1 |       |    60 |   122 |   244 |   296 |   425 |   409 |   397 ||  1954
       Whip              |       |       |   198 |       |       |       |       |       |       ||   198
       Mace              |       |       |   137 |       |       |       |       |       |       ||   137
       Scimitar          |       |       |       |   512 |   922 |   210 |       |       |       ||  1644
       Lance             |       |       |       |       |       |  1196 |  2372 |  1647 |  1965 ||  7180
       Unarmed           |       |       |       |       |       |       |       |       |    33 ||    33
       Headbutt          |       |       |       |       |       |       |       |       |     4 ||     4
 Fire: Hand crossbow     |    54 |   116 |    80 |     4 |    23 |    91 |    22 |     5 |     9 ||   404
       Hunting sling     |       |       |    17 |    30 |       |       |       |       |       ||    47
Invok: Slouch            |       |       |       |     1 |     8 |    12 |    11 |     7 |    10 ||    49
       Bend Time         |       |       |       |       |       |     1 |       |       |       ||     1
       Temporal Distorti |       |       |       |       |       |     1 |       |       |       ||     1
 Abil: Evoke Blink       |       |       |       |       |       |     2 |       |     6 |       ||     8
       Evoke Invisibilit |       |       |       |       |       |     1 |       |       |       ||     1
Evoke: Wand              |       |       |       |       |       |     6 |     2 |     1 |     5 ||    14
  Use: Scroll            |       |     3 |    10 |    11 |    16 |    15 |     8 |     4 |    11 ||    78
       Potion            |       |       |     1 |     3 |     5 |    11 |       |       |    12 ||    32
 Stab: Sleeping          |       |       |     1 |    29 |    33 |    10 |    14 |    14 |    26 ||   127
       Distracted        |       |       |       |     1 |     6 |     5 |     9 |     5 |    19 ||    45
       Invisible         |       |       |       |       |     2 |     2 |       |       |       ||     4
       Petrified         |       |       |       |       |     3 |       |       |       |       ||     3
       Paralysed         |       |       |       |       |       |     4 |       |       |       ||     4
       Confused          |       |       |       |       |       |       |       |       |     4 ||     4
  Eat: Chunk             |       |     2 |    14 |    15 |    22 |    12 |    21 |    10 |    12 ||   108
       Ration            |       |       |       |       |       |     3 |     1 |     3 |     3 ||    10
Armor: Leather armour    |     2 |       |       |       |       |       |       |       |       ||     2
       Ring mail         |     3 |    16 |    27 |   118 |    41 |       |       |       |       ||   205
       Chain mail        |       |       |   189 |       |   163 |    98 |       |       |       ||   450
       Plate armour      |       |       |       |       |       |   113 |   297 |   240 |   258 ||   908
Dodge: Dodged            |    25 |    59 |   239 |   428 |   800 |   596 |   671 |   486 |   660 ||  3964
Block: Buckler           |       |    13 |   173 |   236 |   597 |   271 |       |       |       ||  1290
       Reflection        |       |       |       |       |     5 |   147 |   186 |    66 |       ||   404
       Shield            |       |       |       |       |       |   631 |  1484 |   905 |   821 ||  3841
       Rpst.: Scimitar   |       |       |       |   111 |   177 |    33 |       |       |       ||   321

Table legend:
 A = Non-vault XP
 B = Vault XP
 C = Vault XP percentage of total XP
 D = Non-vault monster count
 E = Vault monster count
 F = Vault count percentage of total count
                 A         B        C        D         E       F
            +---------+---------+-------+---------+---------+-------
      Total |  806926 |  682586 |  45.8 |    1485 |     753 |  33.6
            +---------+---------+-------+---------+---------+-------
        D:1 |      36 |       4 |  10.0 |      17 |       2 |  10.5
        D:2 |      35 |       0 |   0.0 |      13 |       0 |   0.0
        D:3 |     135 |       0 |   0.0 |      25 |       0 |   0.0
        D:4 |     463 |     468 |  50.3 |      19 |      14 |  42.4
        D:5 |     977 |     217 |  18.2 |      35 |       1 |   2.8
        D:6 |    1073 |       0 |   0.0 |      27 |       0 |   0.0
        D:7 |    2017 |    1398 |  40.9 |      40 |      13 |  24.5
        D:8 |    1146 |    1247 |  52.1 |      28 |      11 |  28.2
        D:9 |    2139 |    1150 |  35.0 |      23 |       3 |  11.5
       D:10 |    2944 |     808 |  21.5 |      38 |       1 |   2.6
       D:11 |    3637 |     788 |  17.8 |      39 |       1 |   2.5
       D:12 |    7785 |    2240 |  22.3 |      41 |      14 |  25.5
       D:13 |    7349 |       0 |   0.0 |      30 |       0 |   0.0
       D:14 |    6405 |    4464 |  41.1 |      16 |      19 |  54.3
       D:15 |    8238 |    5668 |  40.8 |      27 |      10 |  27.0
     Lair:1 |    3448 |     639 |  15.6 |      16 |       3 |  15.8
     Lair:2 |    2856 |    5065 |  63.9 |      13 |      22 |  62.9
     Lair:3 |     906 |    1515 |  62.6 |       5 |       9 |  64.3
     Lair:4 |    4157 |     205 |   4.7 |      17 |       1 |   5.6
     Lair:5 |    2444 |    5464 |  69.1 |      10 |      12 |  54.5
     Lair:6 |   11334 |   10369 |  47.8 |      41 |      30 |  42.3
   Shoals:1 |   13196 |    6701 |  33.7 |      27 |      10 |  27.0
   Shoals:2 |   14367 |       0 |   0.0 |      30 |       0 |   0.0
   Shoals:3 |   16904 |       0 |   0.0 |      29 |       0 |   0.0
   Shoals:4 |   12909 |   18715 |  59.2 |      26 |      31 |  54.4
    Snake:1 |   24342 |    5456 |  18.3 |      48 |       7 |  12.7
    Snake:2 |   14119 |    8634 |  37.9 |      24 |       3 |  11.1
    Snake:3 |   32269 |       0 |   0.0 |      46 |       0 |   0.0
    Snake:4 |   28601 |   26723 |  48.3 |      57 |      41 |  41.8
      Orc:1 |    3280 |   13070 |  79.9 |      53 |      11 |  17.2
      Orc:2 |    2474 |   10595 |  81.1 |      22 |      48 |  68.6
      Elf:1 |   22479 |    7847 |  25.9 |      40 |      16 |  28.6
      Elf:2 |   11088 |   23657 |  68.1 |      20 |      28 |  58.3
      Elf:3 |   13341 |   52998 |  79.9 |      21 |      36 |  63.2
   Vaults:1 |   18164 |   30638 |  62.8 |      30 |      50 |  62.5
   Vaults:2 |   33386 |   38193 |  53.4 |      49 |      50 |  50.5
   Vaults:3 |   22450 |   10875 |  32.6 |      26 |      10 |  27.8
   Vaults:4 |   34139 |   27299 |  44.4 |      55 |      27 |  32.9
   Vaults:5 |   13590 |  107476 |  88.8 |      17 |      78 |  82.1
   Depths:1 |   50010 |    5894 |  10.5 |      57 |      20 |  26.0
   Depths:2 |   23355 |   44938 |  65.8 |      29 |      22 |  43.1
   Depths:3 |   49421 |   46321 |  48.4 |      54 |      26 |  32.5
   Depths:4 |   67413 |   35046 |  34.2 |      51 |      17 |  25.0
   Depths:5 |   30876 |   23861 |  43.6 |      25 |      19 |  43.2
      Zot:1 |   29528 |    7240 |  19.7 |      19 |       5 |  20.8
      Zot:2 |   34767 |    6035 |  14.8 |      20 |       4 |  16.7
      Zot:3 |   34935 |       0 |   0.0 |      24 |       0 |   0.0
      Zot:4 |   37070 |       0 |   0.0 |      13 |       0 |   0.0
      Zot:5 |   36625 |   77352 |  67.9 |      22 |      17 |  43.6
      Sewer |       0 |     114 | 100.0 |       0 |       6 | 100.0
     WizLab |   12304 |    5199 |  29.7 |      31 |       5 |  13.9
            +---------+---------+-------+---------+---------+-------
